 Dungeon Crawl Stone Soup version 0.28-a0-595-g9f6c0e134a (webtiles) character file.

Game seed: 6321159865945371139

175 Spaninq the Slasher (level 5, -15/43 HPs)
             Began as a Barachi Abyssal Knight on Oct 4, 2021.
             Was a Believer of Lugonu.
             Demolished by an ogre (16 damage)
             ... on level 4 of the Dungeon.
             The game lasted 00:07:24 (3645 turns).

Spaninq the Slasher (Barachi Abyssal Knight)        Turns: 3645, Time: 00:07:26

Health: -15/43     AC:  5    Str: 15    XL:     5   Next: 55%
Magic:  5/6        EV:  7    Int: 10    God:    Lugonu [**....]
Gold:   137        SH:  0    Dex: 13    Spells: 4/4 levels left

rFire   . . .      SeeInvis .   a - +1 falchion
rCold   + . .      Faith    .   (no shield)
rNeg    + . .      Spirit   .   n - +0 ring mail
rPois   .          Reflect  .   (no helmet)
rElec   .          Harm     .   (no cloak)
rCorr   .          Rampage  .   (no gloves)
Will    .....                   (no boots)
Stlth   +.........              j - amulet of the acrobat
HPRegen 0.14/turn               d - ring of protection from cold
MPRegen 0.10/turn               l - ring of positive energy

@: constricted, slow
A: amphibious, slowness 1, strong legs 1, +LOS
a: Hop, Renounce Religion, Depart the Abyss, Bend Space


You were on level 4 of the Dungeon.
You worshipped Lugonu.
Lugonu was pleased with you.
You visited 1 branch of the dungeon, and saw 4 of its levels.
You visited the Abyss 1 time.

You collected 137 gold pieces.

Inventory:

Hand Weapons
 a - a +1 falchion (weapon)
Armour
 n - a +0 ring mail (worn)
Jewellery
 d - a ring of protection from cold (left hand)
 j - an amulet of the acrobat (around neck)
 l - a ring of positive energy (right hand)
Scrolls
 c - a scroll of noise {unknown}
 e - 5 scrolls of identify {unknown}
 f - a scroll of immolation {unknown}
 m - a scroll of torment {unknown}
Potions
 g - 3 potions of heal wounds {unknown}
 h - a potion of curing {unknown}
 i - a potion of lignification {unknown}
 k - a potion of haste {unknown}


   Skills:
 + Level 4.6 Fighting
 * Level 4.6 Long Blades
 + Level 3.6 Armour
 - Level 1.1 Dodging
 + Level 2.5 Invocations


You had 4 spell levels left.
You didn't know any spells.
Your spell library contained the following spells:

 Spells                   Type           Power      Damage    Failure   Level
 Slow                     Hex            0%         N/A       73%         2
 Confusing Touch          Hex            0%         N/A       91%         3
 Yara's Violent Unravell  Hex/Tmut       0%         3d3       100%        5


Dungeon Overview and Level Annotations

Branches:
Dungeon (4/15)
 Temple: D:4-7

Altars:
Gozag
Nemelex Xobeh

Shops:
D:2 =


Innate Abilities, Weirdness & Mutations

You are amphibious.
You cover ground slowly.
You can hop short distances.
You have an extended range of vision and can be seen from far away.


Message History

There is a stone staircase leading up here.
There is a stone staircase leading down here.
The ogre shouts!
Okay, then.
You slash the ogre!
The ogre is moderately wounded.
The ogre hits you with a +0 giant club!
You slash the ogre!
The ogre is heavily wounded.
The ogre closely misses you.
You hit the ogre.
The ogre is severely wounded.
You hit the ogre.
The ogre is severely wounded.
The ogre hits you with a +0 giant club!
You hit the ogre.
The ogre is almost dead.
The ogre hits you with a +0 giant club!
* * * LOW HITPOINT WARNING * * *
Space bends around you!
You blink.
There is a stone staircase leading up here.
You hit the ball python.
The ball python is moderately wounded.
The ball python barely misses you. The ball python grabs you.
The ball python constricts you.
You hit the ogre but do no damage.
The ogre is almost dead.
The ogre hits you with a +0 giant club.
* * * LOW HITPOINT WARNING * * *
The ball python bites you.
* * * LOW HITPOINT WARNING * * *
The ball python constricts you.
You hit the ogre.
The ogre is almost dead.
The ball python bites you.
* * * LOW HITPOINT WARNING * * *
The ball python constricts you.
* * * LOW HITPOINT WARNING * * *
The ogre hits you with a +0 giant club!
You die...

##"..........##.##..###...#
.###............###.##.....
...###.#...##....#......#
........#..#..#.........#
....##.[##....##..##.#.....
....#....#...........#.#....
...###.................#..##
...####........O..#####....#
..##..#........S@..#......##
..#........................
.##................(.......
.#....##...................
.#..........####......#.###
.#..#####...$###...##.### ..
##...###..........##....# ..
#..........#...............#
#.......#####.........O.##.#


You could see an ogre and a ball python.

Vanquished Creatures
  An iguana (D:3)
  8 adders
  2 worms
  4 dart slugs
  5 orcs
  3 bats
  4 endoplasms
  4 giant cockroaches
  5 goblins
  4 hobgoblins
  3 kobolds
  3 quokkas
  5 ball pythons
  3 frilled lizards
  6 rats
60 creatures vanquished.

Notes
Turn   | Place    | Note
-------+----------+-------------------------------------------
     0 | Abyss:1  | Spaninq the Barachi Abyssal Knight began the quest for the
                  | Orb.
     0 | Abyss:1  | Reached XP level 1. HP: 18/18 MP: 2/2
     8 | D:1      | Escaped the Abyss
   198 | D:1      | Reached XP level 2. HP: 15/25 MP: 3/3
   837 | D:1      | Found a faded altar of an unknown god.
   929 | D:2      | Found Keliejog's Jewellery Emporium.
   935 | D:2      | Reached XP level 3. HP: 30/30 MP: 4/4
  1008 | D:2      | Reached ** piety under Lugonu
  1660 | D:3      | Reached XP level 4. HP: 22/37 MP: 5/5
  2466 | D:3      | Found an opulent altar of Gozag.
  2816 | D:3      | Found a sparkling altar of Nemelex Xobeh.
  2941 | D:3      | Reached XP level 5. HP: 42/43 MP: 6/6
  3386 | D:4      | Noticed an ogre
  3391 | D:4      | Noticed an ogre
  3645 | D:4      | HP: 2/43 [ball python (1)]
  3645 | D:4      | Demolished by an ogre

Illustrated notes

Levels and vault maps discovered:
D:1:      psy_arrival_conway, layout_rooms, shapermc_ecumenical_altar_acropolis
D:2:      layout_basic, serial_shops, shop, hangedman_abyss_or_decor_stabs,
          hex_large, small_statue_intersection, minmay_misc_feat_four_crosses
D:3:      layout_rooms, nemelex_diamond_rough_becter, grunt_gozag_statues,
          minmay_crystal_water
D:4:      minmay_skewed_foursquare, layout_cave_pools, abandoned_shop

Skill      XL: |  1  2  3  4 |
---------------+-------------+-----
Long Blades    | 3 4 |  4.6
Invocations    | 2 |  2.5
Fighting       | 4 |  4.6
Armour         | 3 |  3.6
Dodging        | |  1.1

Action                   |  1- 3 |  4- 6 || total
-------------------------+-------+-------++-------
Melee: Falchion          |    93 |   132 ||   225
Invok: Bend Space        |       |     1 ||     1
 Abil: Hop               |       |     2 ||     2
Armor: Leather armour    |    20 |    24 ||    44
Dodge: Dodged            |    44 |    67 ||   111

Table legend: (Time is in decaauts)
 A = Elapsed time spent in this place.
 B = Non-inter-level travel time spent in this place.
 C = Inter-level travel time spent in this place.
 D = Time resting spent in this place.
 E = Time spent auto-exploring this place.
 F = Levels seen in this place.
 G = Mean time per level.
                   A        B        C        D        E       F      G
               +--------+--------+--------+--------+--------+-----+--------+
         Total |   3997 |   3796 |    201 |    727 |   2393 |   5 |  799.4 |
       Dungeon |   3988 |   3787 |    201 |    727 |   2392 |   4 |  997.0 |
         Abyss |      9 |      9 |      0 |      0 |      1 |   1 |    9.0 |
               +--------+--------+--------+--------+--------+-----+--------+

Top non-repeatable levels by time:
     D:3: 1318 daAuts
     D:2: 1093 daAuts
     D:1: 991 daAuts
     D:4: 585 daAuts
 Abyss:1: 9 daAuts
